 Dungeon Crawl Stone Soup version 0.25-a0-294-gea9b1ad378 (webtiles) character file.

Game seed: 4328350425023077498, levelgen mode: deterministic

24 night the Vexing (level 2, -1/20 HPs)
             Began as a Demonspawn Enchanter on Dec 18, 2019.
             Slain by an ooze (3 damage)
             ... on level 1 of the Dungeon.
             The game lasted 00:04:58 (2012 turns).

night the Vexing (Demonspawn Enchanter)             Turns: 2012, Time: 00:04:59

Health: -1/20      AC:  2    Str:  8    XL:     2   Next: 79%
Magic:  1/5        EV: 12    Int: 16    God:
Gold:   15         SH:  0    Dex: 13    Spells: 2/5 levels left

rFire    . . .     SeeInvis .   a - +1 dagger
rCold    . . .     Gourm    .   (no shield)
rNeg     . . .     Faith    .   b - +0 robe
rPois    .         Spirit   .   (helmet restricted)
rElec    .         Reflect  .   (no cloak)
rCorr    .         Harm     .   (no gloves)
MR       .....                  (no boots)
Stlth    ++........             (no amulet)
HPRegen  0.06/turn              (no ring)
MPRegen  0.09/turn              (no ring)

@: very slightly contaminated
A: antennae 1
a: no special abilities


You were on level 1 of the Dungeon.
You were not hungry.

You visited 1 branch of the dungeon, and saw 1 of its levels.

You collected 15 gold pieces.

Inventory:

Hand Weapons
 a - a +1 dagger (weapon)
Missiles
 i - 29 stones (quivered)
Armour
 b - a +0 robe (worn)
Scrolls
 c - a scroll of identify {unknown}
 e - a scroll of enchant weapon {unknown}
 f - a scroll of teleportation {unknown}
 g - a scroll of remove curse {unknown}
 j - a scroll of enchant armour {unknown}
Comestibles
 d - a ration
 h - 2 chunks of flesh


   Skills:
 - Level 0.5 Fighting
 - Level 0.8 Short Blades
 - Level 1.7 Dodging
 - Level 2.6 Stealth
 * Level 1.4 Unarmed Combat
 - Level 2.0 Spellcasting
 + Level 3.4 Hexes


You had 2 spell levels left.
You knew the following spells:

 Your Spells              Type           Power        Failure   Level  Hunger
a - Corona                Hex            ##.....      4%          1    #......
b - Ensorcelled Hibernat  Hex/Ice        #.....       16%         2    ###....

Your spell library contained the following spells:

 Spells                   Type           Power        Failure   Level  Hunger
 Confuse                  Hex            ##......     16%         3    ###....
 Tukima's Dance           Hex            ##......     16%         3    ###....
 Dazzling Flash           Conj/Hex       #.....       30%         3    ###....


Dungeon Overview and Level Annotations

Branches:
Dungeon (1/15)

Altars:


Innate Abilities, Weirdness & Mutations

You have a pair of small antennae on your head.


Message History

The rat looks drowsy...
The helpless rat fails to defend itself.
You puncture the rat!
You kill the rat!
Casting: Ensorcelled Hibernation (safe; 16% risk of failure)
Confirm with . or Enter, or press ? or * to list all spells.
Aiming: Ensorcelled Hibernation (safe; 16% risk of failure)
Press: ? - help, Shift-Dir - straight line, f - ooze
Aim: an ooze (severely wounded, chance to defeat MR: 38%)
You miscast Ensorcelled Hibernation.
You are very lightly contaminated with residual magic.
Nothing appears to happen.
The ooze hits you but does no damage.
You hit the ooze.
The ooze is severely wounded.
The ooze hits you.
* * * LOW HITPOINT WARNING * * *
You hit the ooze.
The ooze is almost dead.
The ooze hits you.
You die...

PP#.#PPP#.. ..#..# ⌠P#)#P⌠P#..
###### PP#.#PPP#.# ###.#####.#
...<....+.. ###.#####..
PP#.#PPP#.# .#
⌠P#.#P⌠P#.###############.#..#
PP#.#PPP#.##...J@.......#.#..#
###+#####.##.##########.#.#..#
..........##J...# #.#.#..#
###.########..#.# #.#.#..# #..#
#..#.#######.#.#..# #.##
#..#..............# ##.######
#..#########)#....# ## #.......#
#............#.##.# #.
#.......####...##########.##.###.


You could see an ooze.

Vanquished Creatures
  A leopard gecko (D:1)
  A ball python (D:1)
  2 giant cockroaches (D:1)
  3 goblins (D:1)
  2 hobgoblins (D:1)
  2 frilled lizards (D:1)
  6 kobolds (D:1)
  6 rats (D:1)
23 creatures vanquished.

Notes
Turn   | Place    | Note
-------+----------+-------------------------------------------
     0 | D:1      | night the Demonspawn Enchanter began the quest for the Orb.
     0 | D:1      | Reached XP level 1. HP: 13/13 MP: 3/3
   908 | D:1      | Gained mutation: You have a pair of small antennae on your
                  | head. [demonic ancestry]
   908 | D:1      | Reached XP level 2. HP: 15/20 MP: 5/5
  1182 | D:1      | Learned a level 2 spell: Ensorcelled Hibernation
  1526 | D:1      | Reached skill level 1 in Unarmed Combat
  2012 | D:1      | Slain by an ooze

Levels and vault maps discovered:
D:1:      beargit_arrival_greenhouse, layout_basic, st_stairs_8,
          minmay_nonomino_d4

Skill      XL: |  1  2 |
---------------+-------+-----
Unarmed Combat | 1 |  1.4
Fighting       | |  0.5
Short Blades   | |  0.8
Dodging        | |  1.7
Stealth        | |  2.6
Spellcasting   | |  2.0
Hexes          | |  3.4

Action                   || total
-------------------------++-------
Melee: Unarmed           ||    22
       Dagger            ||    78
       Punch             ||     1
 Cast: Corona            ||     8
       Ensorcelled Hiber ||     4
 Stab: Sleeping          ||     3
  Eat: Chunk             ||     4
Armor: Robe              ||    10
Dodge: Dodged            ||    55

Table legend:
 A = Non-vault XP
 B = Vault XP
 C = Vault XP percentage of total XP
 D = Non-vault monster count
 E = Vault monster count
 F = Vault count percentage of total count
                 A         B        C        D         E       F
            +---------+---------+-------+---------+---------+-------
      Total |      28 |       7 |  20.0 |      19 |       4 |  17.4
            +---------+---------+-------+---------+---------+-------
        D:1 |      28 |       7 |  20.0 |      19 |       4 |  17.4
            +---------+---------+-------+---------+---------+-------
